2299 views
Uploaded 2022-03-26 22:13:02
Game version 1.32.10
18:49 long 1on1on1on1 ladder game on (8)TwilightRuins_LV
Saved by ǢƂŎ
2299 views
Uploaded 2022-03-26 22:13:02
Game version 1.32.10
18:49 long 1on1on1on1 ladder game on (8)TwilightRuins_LV

39 units @ 7.2k
/ 1.4k
14 buildings @ 2.1k
/ 1.1k


| Orb of Corruption | 1 | 375 |
| Potion of Healing | 1 | 150 |
| Scroll of Town Portal | 1 | 350 |
| total: | 3 | 875g |
| Acolyte | 11 | 825 | / | 0 |
| Ghoul | 8 | 960 | / | 0 |
| Crypt Fiend | 5 | 1075 | / | 200 |
| Obsidian Statue | 7 | 1400 | / | 245 |
| Frost Wyrm | 7 | 2695 | / | 840 |
| Abomination | 1 | 240 | / | 70 |
| total: | 39 | 7195g | / | 1355w |
| Nerubian Tower | 1 | 100 | / | 20 |
| Crypt | 1 | 200 | / | 50 |
| Graveyard | 1 | 215 | / | 0 |
| Altar of Darkness | 1 | 180 | / | 50 |
| Ziggurat | 6 | 900 | / | 300 |
| Tomb of Relics | 1 | 130 | / | 30 |
| Slaughterhouse | 1 | 140 | / | 135 |
| Sacrificial Pit | 2 | 150 | / | 300 |
| Boneyard | 1 | 175 | / | 200 |
| Halls of the Dead | 2 | 640 | / | 420 |
| Black Citadel | 1 | 325 | / | 230 |
| total: | 14 | 2090g | / | 1065w |
| 0:02 | Acolyte |
| 0:04 | Crypt |
| 0:13 | Graveyard |
| 0:18 | Acolyte |
| 0:18 | Acolyte |
| 0:18 | Acolyte |
| 0:18 | Acolyte |
| 0:18 | Acolyte |
| 0:18 | Acolyte |
| 0:19 | Acolyte |
| 0:42 | Altar of Darkness |
| 0:58 | Ziggurat |
| 1:13 | Ghoul |
| 1:22 | Acolyte |
| 1:39 | Ziggurat |
| 1:49 | Ghoul |
| 2:07 | Ghoul |
| 2:19 | Acolyte |
| 2:27 | Halls of the Dead |
| 2:45 | Carrion Beetles |
| 2:55 | Crypt Fiend |
| 3:12 | Crypt Fiend |
| 3:37 | Crypt Fiend |
| 3:47 | Ziggurat |
| 4:26 | Nerubian Tower |
| 4:40 | Impale |
| 4:49 | Black Citadel |
| 5:13 | Burrow |
| 5:24 | Tomb of Relics |
| 5:26 | Carrion Beetles |
| 5:47 | Slaughterhouse |
| 5:48 | Ziggurat |
| 6:08 | Death Coil |
| 6:11 | Sacrificial Pit |
| 6:13 | Sacrificial Pit |
| 6:22 | Ziggurat |
| 7:00 | Obsidian Statue |
| 7:11 | Boneyard |
| 7:22 | Destroyer Form |
| 7:36 | Creature Attack |
| 7:39 | Unholy Aura |
| 8:12 | Web |
| 8:15 | Creature Carapace |
| 8:25 | Crypt Fiend |
| 8:31 | Impale |
| 8:42 | Frost Wyrm |
| 8:42 | Frost Wyrm |
| 8:42 | Frost Wyrm |
| 8:54 | Scroll of Town Portal |
| 8:58 | Orb of Corruption |
| 9:17 | Obsidian Statue |
| 9:46 | Frost Wyrm |
| 10:06 | Obsidian Statue |
| 10:06 | Obsidian Statue |
| 10:14 | Death Coil |
| 10:39 | Frost Wyrm |
| 10:59 | Ziggurat |
| 11:51 | Ghoul |
| 11:53 | Ghoul |
| 13:09 | Impale |
| 13:15 | Unholy Aura |
| 14:15 | Ghoul |
| 14:15 | Ghoul |
| 14:16 | Abomination |
| 14:18 | Frost Wyrm |
| 15:02 | Ghoul |
| 15:06 | Obsidian Statue |
| 15:07 | Obsidian Statue |
| 15:26 | Acolyte |
| 15:29 | Frost Wyrm |
| 15:52 | Potion of Healing |
| 16:07 | Crypt Fiend |
| 16:09 | Obsidian Statue |
| Select group | 673 |
| Right click | 535 |
| Select | 308 |
| Chat | 151 |
| Misc. action | 140 |
| Build/train/purchase | 96 |
| Assign group | 58 |
| Use ability | 37 |
| Esc | 3 |
| Item give/drop | 2 |
/ 0k
1 buildings @ 0.2k
/ 0.1k
44 units @ 4.8k
/ 0.5k
34 buildings @ 5.1k
/ 2.5k



| Healing Salve | 7 | 700 |
| Lesser Clarity Potion | 2 | 140 |
| Potion of Healing | 1 | 150 |
| Scroll of Speed | 1 | 50 |
| Orb of Lightning | 1 | 375 |
| Tiny Great Hall | 3 | 1800 |
| Scroll of Healing | 3 | 750 |
| Dust of Appearance | 1 | 75 |
| Scroll of Town Portal | 1 | 350 |
| Boots of Speed | 1 | 250 |
| Periapt of Vitality | 2 | 650 |
| Circlet of Nobility | 1 | 175 |
| Pendant of Energy | 1 | 300 |
| total: | 25 | 5765g |
| Peon | 26 | 1950 | / | 0 |
| Troll Headhunter | 11 | 1540 | / | 220 |
| Troll Witch Doctor | 2 | 290 | / | 50 |
| Shaman | 2 | 260 | / | 40 |
| Kodo Beast | 1 | 255 | / | 60 |
| Troll Berserker | 1 | 140 | / | 20 |
| Goblin Shredder | 1 | 375 | / | 100 |
| total: | 44 | 4810g | / | 490w |
| Watch Tower | 9 | 990 | / | 720 |
| War Mill | 1 | 205 | / | 0 |
| Orc Burrow | 9 | 1440 | / | 360 |
| Altar of Storms | 2 | 360 | / | 100 |
| Barracks | 2 | 360 | / | 100 |
| Voodoo Lounge | 4 | 520 | / | 120 |
| Great Hall | 1 | 385 | / | 185 |
| Spirit Lodge | 3 | 450 | / | 450 |
| Beastiary | 3 | 435 | / | 420 |
| Stronghold | 1 | 315 | / | 190 |
| Fortress | 1 | 325 | / | 190 |
| total: | 34 | 5145g | / | 2455w |
| 0:05 | Peon |
| 0:05 | Peon |
| 0:10 | War Mill |
| 0:23 | Orc Burrow |
| 0:24 | Orc Burrow |
| 0:27 | Peon |
| 0:43 | Peon |
| 1:00 | Peon |
| 1:10 | Peon |
| 1:15 | Altar of Storms |
| 1:19 | Altar of Storms |
| 1:28 | Barracks |
| 1:43 | Orc Burrow |
| 1:50 | Peon |
| 2:01 | Barracks |
| 2:18 | Voodoo Lounge |
| 2:31 | Troll Headhunter |
| 2:52 | Troll Headhunter |
| 2:58 | Peon |
| 3:04 | Troll Headhunter |
| 3:04 | Troll Headhunter |
| 3:19 | Troll Headhunter |
| 3:22 | Endurance Aura |
| 3:30 | Peon |
| 3:36 | Troll Headhunter |
| 3:36 | Troll Headhunter |
| 3:49 | Troll Headhunter |
| 4:41 | War Stomp |
| 5:03 | Great Hall |
| 5:03 | Watch Tower |
| 5:07 | Stronghold |
| 5:09 | Healing Salve |
| 5:09 | Healing Salve |
| 5:09 | Healing Salve |
| 5:38 | Orc Burrow |
| 5:39 | Troll Headhunter |
| 6:05 | War Stomp |
| 6:07 | Orc Burrow |
| 6:13 | Steel Armor |
| 6:41 | Goblin Shredder |
| 7:08 | Voodoo Lounge |
| 7:32 | Fortress |
| 7:34 | Endurance Aura |
| 7:37 | Troll Headhunter |
| 7:46 | Lesser Clarity Potion |
| 7:46 | Healing Salve |
| 7:47 | Potion of Healing |
| 7:49 | Healing Salve |
| 7:50 | Scroll of Speed |
| 7:55 | Troll Headhunter |
| 7:58 | Peon |
| 7:58 | Peon |
| 8:00 | Peon |
| 8:00 | Peon |
| 8:08 | Peon |
| 8:08 | Peon |
| 8:21 | Spirit Lodge |
| 8:23 | Spirit Lodge |
| 8:30 | Scroll of Healing |
| 8:31 | Dust of Appearance |
| 8:44 | Beastiary |
| 9:09 | Breath of Fire |
| 9:24 | Orc Burrow |
| 9:24 | Orc Burrow |
| 10:03 | Drunken Brawler |
| 10:06 | Witch Doctor Adept Training |
| 10:07 | Berserker Upgrade |
| 10:08 | Troll Regeneration |
| 10:44 | Spirit Lodge |
| 10:48 | Watch Tower |
| 10:49 | Watch Tower |
| 11:03 | Lesser Clarity Potion |
| 11:03 | Orb of Lightning |
| 11:05 | Scroll of Town Portal |
| 11:05 | Tiny Great Hall |
| 11:06 | Healing Salve |
| 11:06 | Healing Salve |
| 11:13 | Breath of Fire |
| 11:44 | Troll Witch Doctor |
| 11:52 | Witch Doctor Master Training |
| 11:58 | Peon |
| 11:58 | Peon |
| 11:58 | Peon |
| 12:01 | Shaman Adept Training |
| 12:03 | Shaman |
| 12:03 | Shaman Master Training |
| 12:16 | Orc Burrow |
| 12:39 | Scroll of Healing |
| 12:39 | Scroll of Healing |
| 12:43 | Boots of Speed |
| 12:58 | Tiny Great Hall |
| 12:58 | Tiny Great Hall |
| 13:01 | Hex |
| 13:35 | Kodo Beast |
| 13:47 | Peon |
| 13:47 | Peon |
| 13:49 | Watch Tower |
| 13:50 | Watch Tower |
| 13:53 | Reinforced Defenses |
| 14:28 | Troll Witch Doctor |
| 14:29 | Shaman |
| 14:33 | Watch Tower |
| 14:34 | Watch Tower |
| 14:36 | Troll Berserker |
| 14:38 | Thorium Armor |
| 14:41 | Drunken Brawler |
| 14:45 | War Stomp |
| 14:51 | Peon |
| 14:51 | Peon |
| 14:51 | Peon |
| 14:58 | Voodoo Lounge |
| 15:01 | Peon |
| 15:01 | Peon |
| 15:15 | Steel Ranged Weapons |
| 15:23 | Periapt of Vitality |
| 16:11 | Healing Wave |
| 16:26 | Orc Burrow |
| 16:28 | Watch Tower |
| 16:28 | Watch Tower |
| 16:30 | Peon |
| 16:32 | Voodoo Lounge |
| 16:50 | Healing Wave |
| 16:52 | Arcanite Armor |
| 16:56 | Pendant of Energy |
| 16:59 | Periapt of Vitality |
| 17:08 | Circlet of Nobility |
| 17:34 | Beastiary |
| 17:34 | Beastiary |
| 18:09 | Envenomed Spears |
| 18:46 | War Drums Damage Increase |
| Right click | 1282 |
| Select group | 1081 |
| Select | 414 |
| Misc. action | 155 |
| Build/train/purchase | 148 |
| Chat | 144 |
| Assign group | 51 |
| Use ability | 50 |
| Item give/drop | 16 |
| Esc | 3 |
43 units @ 5.6k
/ 0.8k
19 buildings @ 3.5k
/ 1.3k



| Lesser Clarity Potion | 5 | 350 |
| Healing Salve | 3 | 300 |
| Scroll of Speed | 2 | 100 |
| Orb of Lightning | 2 | 750 |
| Potion of Healing | 2 | 300 |
| Potion of Mana | 3 | 600 |
| Scroll of Town Portal | 1 | 350 |
| total: | 18 | 2750g |
| Peon | 13 | 975 | / | 0 |
| Troll Headhunter | 7 | 980 | / | 140 |
| Shaman | 4 | 520 | / | 80 |
| Troll Berserker | 13 | 1820 | / | 260 |
| Troll Witch Doctor | 4 | 580 | / | 100 |
| Goblin Shredder | 2 | 750 | / | 200 |
| total: | 43 | 5625g | / | 780w |
| Watch Tower | 1 | 110 | / | 80 |
| Orc Burrow | 8 | 1280 | / | 320 |
| Altar of Storms | 1 | 180 | / | 50 |
| War Mill | 1 | 205 | / | 0 |
| Barracks | 2 | 360 | / | 100 |
| Voodoo Lounge | 2 | 260 | / | 60 |
| Great Hall | 2 | 770 | / | 370 |
| Spirit Lodge | 2 | 300 | / | 300 |
| Stronghold | 1 | 315 | / | 190 |
| Fortress | 2 | 650 | / | 380 |
| total: | 19 | 3465g | / | 1280w |
| 0:02 | Peon |
| 0:02 | Peon |
| 0:02 | Peon |
| 0:18 | Orc Burrow |
| 0:33 | Altar of Storms |
| 0:36 | Peon |
| 0:50 | War Mill |
| 0:52 | Peon |
| 1:04 | Barracks |
| 1:12 | Peon |
| 1:40 | Peon |
| 1:43 | Orc Burrow |
| 1:52 | Peon |
| 2:06 | Troll Headhunter |
| 2:19 | Troll Headhunter |
| 2:34 | Mirror Image |
| 2:47 | Voodoo Lounge |
| 3:06 | Troll Headhunter |
| 3:13 | Stronghold |
| 3:27 | Troll Headhunter |
| 4:08 | Great Hall |
| 4:22 | Critical Strike |
| 4:25 | Troll Headhunter |
| 4:27 | Orc Burrow |
| 4:36 | Troll Headhunter |
| 5:11 | Lesser Clarity Potion |
| 5:11 | Healing Salve |
| 5:31 | Goblin Shredder |
| 5:31 | Goblin Shredder |
| 5:47 | Mirror Image |
| 6:00 | Fortress |
| 6:47 | Orc Burrow |
| 6:51 | Peon |
| 7:01 | Spirit Lodge |
| 7:18 | Critical Strike |
| 7:23 | Hex |
| 7:25 | Troll Regeneration |
| 7:27 | Spirit Lodge |
| 7:38 | Healing Salve |
| 7:38 | Lesser Clarity Potion |
| 7:39 | Scroll of Speed |
| 7:56 | Great Hall |
| 8:05 | Barracks |
| 8:29 | Troll Headhunter |
| 8:42 | Berserker Upgrade |
| 8:59 | Steel Armor |
| 8:59 | Steel Ranged Weapons |
| 9:10 | Healing Wave |
| 9:13 | Orc Burrow |
| 9:31 | War Stomp |
| 9:38 | Shaman Adept Training |
| 9:38 | Shaman |
| 9:42 | Orb of Lightning |
| 9:45 | Lesser Clarity Potion |
| 9:45 | Scroll of Speed |
| 10:01 | Voodoo Lounge |
| 10:08 | Watch Tower |
| 10:30 | Peon |
| 10:30 | Peon |
| 10:31 | Peon |
| 10:31 | Peon |
| 10:41 | Troll Berserker |
| 10:44 | Shaman Master Training |
| 10:44 | Shaman |
| 10:57 | Troll Berserker |
| 10:59 | Witch Doctor Adept Training |
| 11:00 | Thorium Armor |
| 11:40 | Troll Berserker |
| 11:49 | Orb of Lightning |
| 11:51 | Potion of Healing |
| 12:01 | Scroll of Town Portal |
| 12:31 | Healing Wave |
| 12:33 | Troll Berserker |
| 12:41 | Critical Strike |
| 12:43 | Endurance Aura |
| 12:56 | Potion of Healing |
| 13:21 | Potion of Mana |
| 13:30 | Troll Berserker |
| 13:30 | Troll Berserker |
| 13:40 | Troll Berserker |
| 13:42 | Potion of Mana |
| 13:48 | Troll Berserker |
| 14:01 | Lesser Clarity Potion |
| 14:09 | Healing Salve |
| 14:17 | Troll Berserker |
| 14:18 | Shaman |
| 14:19 | Witch Doctor Master Training |
| 14:29 | Troll Berserker |
| 14:47 | Troll Berserker |
| 14:51 | Potion of Mana |
| 14:53 | Lesser Clarity Potion |
| 15:00 | Troll Berserker |
| 15:04 | Shaman |
| 15:05 | Troll Witch Doctor |
| 15:06 | Thorium Ranged Weapons |
| 15:14 | Orc Burrow |
| 15:34 | Troll Berserker |
| 15:35 | Arcanite Armor |
| 15:38 | Troll Witch Doctor |
| 15:39 | Orc Burrow |
| 16:22 | Troll Witch Doctor |
| 16:22 | Troll Witch Doctor |
| 16:24 | Orc Burrow |
| Chat | 1080 |
| Right click | 975 |
| Select group | 591 |
| Select | 442 |
| Misc. action | 216 |
| Build/train/purchase | 161 |
| Assign group | 53 |
| Use ability | 26 |
| Item give/drop | 6 |
| Remove unit | 2 |
⇛